 Dungeon Crawl Stone Soup version 0.32-a0-411-g744942f433 (webtiles) character file.

Game seed: 10283178253361797232

13 Aldia the Changeling (level 2, -3/21 HPs)
             Began as a Merfolk Shapeshifter on Feb 20, 2024.
             Frozen to death by an endoplasm (5 damage)
             ... on level 1 of the Dungeon.
             The game lasted 00:00:45 (212 turns).

Aldia the Changeling (Merfolk Shapeshifter)          Turns: 212, Time: 00:00:46

Health: -3/21      AC:  2    Str: 14    XL:     2   Next: 37%
Magic:  2/2        EV: 12    Int:  9    God:
Gold:   26         SH:  0    Dex: 13    Spells: 1/1 levels left

rFire   . .          .
                       - Unarmed
rCold   . . .        (no shield)
rNeg    . . .        a - +0 animal skin
rPois   .            (helmet currently unavailable)
rElec   .            (cloak currently unavailable)
rCorr   .            (gloves currently unavailable)
SInv    .            (boots currently unavailable)
Will    .....        (no amulet)
Stlth   +            (no ring)
HPRegen 0.23/turn    (no ring)
MPRegen 0.08/turn

%: no passive effects
@: beast-form
A: beast (slay +2), (nimble swimmer 2), mertail
a: Begin Untransformation


You were on level 1 of the Dungeon.
You were a hulking beast.
You visited 1 branch of the dungeon, and saw 1 of its levels.

You collected 26 gold pieces.

Inventory:

Armour
 a - a +0 animal skin (worn)
Talismans
 c - a beast talisman (active)
 d - a flux talisman
Scrolls
 e - a scroll of brand weapon {unknown}
 f - a scroll of vulnerability {unknown}
Potions
 b - a potion of lignification


   Skills:
 + Level 1.4 Fighting
 - Level 3.0 Dodging
 * Level 3.6 Unarmed Combat
 + Level 4.2 Shapeshifting


You had one spell level left.
You didn't know any spells.
Your spell library was empty.

Dungeon Overview and Level Annotations

Branches:
Dungeon (1/15)

Altars:


Innate Abilities, Weirdness & Mutations

You are a hulking beast.
Your limbs bulge with bestial killing power. (Slay +2)
((You are very nimble when in or above water. (Stealth+, EV+, Speed+++)))
Your lower body shifts to a powerful aquatic tail in water.


Message History

The quokka twitches its whiskers.
The quokka barely misses you. The jackal closely misses you.
The quokka barely misses you.
You hit the quokka but do no damage.
The quokka is severely wounded.
The jackal bites you. The quokka barely misses you.
You closely miss the quokka.
The quokka is severely wounded.
The jackal bites you but does no damage.
The endoplasm closely misses you. The quokka bites you.
You closely miss the quokka.
The quokka is severely wounded.
The jackal bites you. The quokka barely misses you. The endoplasm freezes you.
You are frozen.
The jackal bites you but does no damage.
You are too injured to fight recklessly!
You are too injured to fight recklessly!
You are too injured to fight recklessly!
You closely miss the quokka.
The quokka is severely wounded.
The quokka misses you. The jackal bites you. The endoplasm closely misses you.
You barely miss the quokka.
The quokka is severely wounded.
The jackal bites you.
* * * LOW HITPOINT WARNING * * *
The quokka bites you.
* * * LOW HITPOINT WARNING * * *
The endoplasm closely misses you.
You punch the quokka!
You kill the quokka!
The jackal closely misses you. The endoplasm misses you.
The jackal closely misses you.
You hit the endoplasm.
The endoplasm is severely wounded.
The jackal bites you.
* * * LOW HITPOINT WARNING * * *
The endoplasm freezes you.
You are frozen.
You die...

...........
..........
..........
.........#
.........#
.........#.# ...
.......hJ#.#......
.......h.#.#......
.........#.#......
.........#.#......
#.##.....#........
.........#........
.........'........
.###.....#........
#...............
.#........#......


You could see an endoplasm and a jackal.

Vanquished Creatures
  A bat (D:1)
  A jackal (D:1)
  A kobold (D:1)
  2 quokkas (D:1)
  A goblin (D:1)
  A rat (D:1)
7 creatures vanquished.

Notes
Turn   | Place    | Note
-------+----------+-------------------------------------------
     0 | D:1      | Aldia the Merfolk Shapeshifter began the quest for the Orb.
     0 | D:1      | Reached XP level 1. HP: 15/15 MP: 1/1
   142 | D:1      | Reached XP level 2. HP: 11/21 MP: 2/2
   212 | D:1      | Frozen to death by an endoplasm

Illustrated notes

Levels and vault maps discovered:
D:1:      dpeg_arrival_water_fire, layout_basic, serial_bayou_lagoon_a

Skill      XL: |  1  2 |
---------------+-------+-----
Dodging        | 3 |  3.0
Fighting       | |  1.4
Unarmed Combat | |  3.6
Shapeshifting  | |  4.2

Action                     || total
---------------------------++-------
  Melee: Unarmed           ||    24
 Armour: Animal skin       ||    24
  Dodge: Dodged            ||    25

Table legend: (Time is in decaauts)
 A = Elapsed time spent in this place.
 B = Non-inter-level travel time spent in this place.
 C = Inter-level travel time spent in this place.
 D = Time resting spent in this place.
 E = Time spent auto-exploring this place.
 F = Levels seen in this place.
 G = Mean time per level.
                   A        B        C        D        E       F      G
               +--------+--------+--------+--------+--------+-----+--------+
         Total |    208 |    208 |      0 |      0 |    173 |   1 |  208.0 |
       Dungeon |    208 |    208 |      0 |      0 |    173 |   1 |  208.0 |
               +--------+--------+--------+--------+--------+-----+--------+

Top non-repeatable levels by time:
     D:1: 208 daAuts
